 Dungeon Crawl Stone Soup version 0.30.0-30-g96aa6591b8 (webtiles) character file.

Game seed: 10608206155323997575

86 Dordric the Magician (level 4, -6/35 HPs)
             Began as a Djinni Warper on June 29, 2023.
             Was a Follower of the Shining One.
             Mangled by a gnoll
             ... wielding a +0 flail
              (8 damage)
             ... on level 3 of the Dungeon.
             The game lasted 00:03:28 (2030 turns).

Dordric the Magician (Djinni Warper)                Turns: 2030, Time: 00:03:28

Health: -6/35      AC:  6    Str: 10    XL:     4   Next: 77%
Gold:   125        EV:  8    Int: 15    God:    the Shining One [*.....] SH:  3 Dex: 14

rFire   + + .        s - +0 long sword
rCold   x . .        n - +0 buckler
rNeg    . . .        f - +0 scale mail
rPois   ∞            (no helmet)
rElec   .            (no cloak)
rCorr   .            (no gloves)
SInv    .            (boots unavailable)
Will    .....        (no amulet) Stlth
                     (no ring)
HPRegen 0.25/turn    (no ring)
MPRegen 0.00/turn

%: infuse magic (-7 HP)
@: flying, very slightly contaminated, glowing
A: sickness immunity, fire resistance 2, cold vulnerability 1, float, innate
caster, HP casting, extra vitality 1
a: Renounce Religion, Divine Shield


You were on level 3 of the Dungeon.
You worshipped the Shining One.
The Shining One was aware of your devotion.
You visited 1 branch of the dungeon, and saw 3 of its levels.

You collected 125 gold pieces.

Inventory:

Hand Weapons
 a - a +0 falchion
 l - a +0 flail of holy wrath
 s - a +0 long sword (weapon)
Missiles
 d - 7 boomerangs of dispersal (quivered)
Armour
 b - a +0 leather armour
 f - a +0 scale mail (worn)
 n - a +0 buckler (worn)
Scrolls
 c - a scroll of blinking
 g - a scroll of fear {unknown}
 i - a scroll of vulnerability {unknown}
 k - a scroll of identify {unknown}
 q - 2 scrolls of noise {unknown}
 r - a scroll of teleportation {unknown}
 u - a scroll of immolation {unknown}
Potions
 e - 2 potions of attraction {unknown}
 h - a potion of degeneration {unknown}
 j - a potion of cancellation {unknown}
 m - a potion of magic {unknown}
 o - 2 potions of curing {unknown}
 p - a potion of flight {unknown}
 t - a potion of brilliance {unknown}


   Skills:
 + Level 3.0 Fighting
 + Level 2.7 Long Blades
 - Level 0.7 Throwing
 - Level 1.0 Armour
 - Level 2.1 Dodging
 + Level 3.0 Spellcasting


You knew the following spells:

 Your Spells              Type           Power      Damage    Failure   Level
a - Blink                 Tloc           22%        N/A       65%         2
b - Lesser Beckoning      Tloc           22%        N/A       65%         2
c - Vhi's Electric Charg  Tloc/Air       22%        N/A       87%         3
d - Teleport Other        Tloc           11%        N/A       87%         3
e - Manifold Assault      Tloc           11%        N/A       99%         4
f - Magic Dart            Conj           44%        1d5       52%         1
Your spell library was empty.

Dungeon Overview and Level Annotations

Branches:
Dungeon (3/15)

Altars:
Dithmenos
Fedhas
The Shining One

Shops:
D:1 [


Innate Abilities, Weirdness & Mutations

You are immune to sickness and miasma.
You are immune to poison.
Your flesh is very heat resistant. (rF++)
You are vulnerable to cold. (rC-)
You float through the air rather than walking.
You learn spells naturally, not from books.
Your magical power is your life essence.
You have superior vitality. (+4 MHP)


Message History

You barely miss the gnoll.
The gnoll is heavily wounded.
The gnoll hits you with a +0 flail. The gnoll hits you but does no damage.
You are too injured to fight recklessly!
You are too injured to fight recklessly!
You are too injured to fight recklessly!
You are too injured to fight recklessly!
You are too injured to fight recklessly!
You are too injured to fight recklessly!
You are too injured to fight recklessly!
You are too injured to fight recklessly!
You are too injured to fight recklessly!
You are too injured to fight recklessly!
You are too injured to fight recklessly!
You are too injured to fight recklessly!
You are too injured to fight recklessly!
You are too injured to fight recklessly!
You are too injured to fight recklessly!
You are too injured to fight recklessly!
You are too injured to fight recklessly!
You are too injured to fight recklessly!
You barely miss the gnoll.
The gnoll is heavily wounded.
The gnoll barely misses you. The gnoll hits you but does no damage.
You hit the gnoll.
The gnoll is almost dead.
The gnoll barely misses you.
The gnoll hits you from afar with a +0 spear!
* * * LOW HITPOINT WARNING * * *
The gnoll closely misses you.
The gnoll hits you from afar with a +0 spear.
* * * LOW HITPOINT WARNING * * *
Cast which spell? (? or * to list)
The spell is quite dangerous to miscast (65% risk of failure)!
Continue anyway?
You miscast Blink.
You are very lightly contaminated with residual magic.
Nothing appears to happen.
* * * LOW HITPOINT WARNING * * *
The gnoll hits you with a +0 flail!
You die...

#.# #.# ##########
#.# #........#
######.. #.######.#
...... # #.##
#.######### #####.
#..#.#####..........
#.###...............
##.#.###############
#@## #g#


gg# #### You could see 3 gnolls.

Vanquished Creatures
  An adder (D:1)
  A worm (D:3)
  A dart slug (D:2)
  2 orcs (D:3)
  9 ball pythons
  6 endoplasms
  5 giant cockroaches
  7 goblins
  5 hobgoblins
  4 jackals (D:2)
  9 kobolds
  4 bats
  4 frilled lizards
  7 rats
65 creatures vanquished.

Notes
Turn   | Place    | Note
-------+----------+-------------------------------------------
     0 | D:1      | Dordric the Djinni Warper began the quest for the Orb.
     0 | D:1      | Dordric set off with the following spells memorised: Blink,
                  | Lesser Beckoning, Vhi's Electric Charge, Teleport Other,
                  | Manifold Assault.
     0 | D:1      | Reached XP level 1. HP: 18/18 MP: 0/0
    20 | D:1      | Noticed an animated storm dragon scales
    76 | D:1      | Reached XP level 2. HP: 23/23 MP: 0/0
   143 | D:1      | Noticed an animated gold dragon scales
   153 | D:1      | Found Ciadyr's Armour Emporium.
   290 | D:1      | Reached XP level 3. HP: 26/29 MP: 0/0
   290 | D:1      | Learned a level 1 spell: Magic Dart
   510 | D:1      | Found a faded altar of an unknown god.
   516 | D:1      | Prayed at the altar of an unknown god.
   516 | D:1      | Became a worshipper of the Shining One
   516 | D:1      | Reached * piety under the Shining One
   945 | D:2      | Reached XP level 4. HP: 34/34 MP: 0/0
  1119 | D:2      | Found a shadowy altar of Dithmenos.
  1533 | D:3      | Found a blossoming altar of Fedhas.
  2030 | D:3      | Mangled by a gnoll

Illustrated notes

Levels and vault maps discovered:
D:1:      co_arrival_square_in_a_square_in_a_square, layout_basic,
          hellmonk_ecumenical_altar_inner_sanctum, serial_shops,
          nicolae_shop_mannequins, minmay_cupped
D:2:      layout_basic, basic_altar
D:3:      layout_loops_ring, fedhas_altar_1, uniq_grinder

Skill      XL: |  1  2  3  4 |
---------------+-------------+-----
Long Blades    | 2 |  2.7
Spellcasting   | 3 |  3.0
Fighting       | 3 |  3.0
Throwing       | |  0.7
Armour         | |  1.0
Dodging        | |  2.1

Action                     |  1- 3 |  4- 6 || total
---------------------------+-------+-------++-------
  Melee: Falchion          |    93 |    58 ||   151
         Flail             |    18 |       ||    18
         Punch             |     1 |       ||     1
         Long sword        |       |    17 ||    17
 Armour: Scale mail        |    74 |    36 ||   110
         Leather armour    |     1 |       ||     1
  Dodge: Dodged            |    72 |    35 ||   107
  Block: Buckler           |     1 |    11 ||    12
